 Dungeon Crawl Stone Soup version bcrawl-1.38.3 (webtiles) character file.

Game seed: 2872341545109405398

210747 Corvidia the Shield-Bearer (level 7, 0/51 (52) HPs)
             Began as a Demonspawn Fighter on June 29, 2023.
             Succumbed to a scorpion's poison
             ... on level 6 of the Dungeon.
             The game lasted 00:09:14 (4490 turns).

Corvidia the Shield-Bearer (Demonspawn Fighter)     Turns: 4490, Time: 00:09:14

HP:   0/51 (52)     AC: 11    Str: 18    XL:     7   Next: 65%
MP:   0/7           EV: 22    Int: 12    God:
Gold: 269           SH:  9    Dex: 12    Spells: 4/6 levels left

rFire    . . .     GDR:     28% a - +0 rapier
rCold    . . .     SeeInvis .   c - +0 medium shield
rNeg     . . .     Gourm    .   b - +0 scale mail
rPois    .         Faith    .   t - +2 hat
rElec    +         Spirit   +   (no cloak)
rCorr    .         Reflect  .   (no gloves)
MR       .....                  (no boots)
Stlth    ..........             w - amulet of the acrobat
HPRegen  0.18/turn              u - ring of insulation
MPRegen  0.10/turn              (no ring)

@: lethally poisoned (0 -> -6)
A: antennae 1, slimy green scales 1, mutation resistance 1, powered by death 2,
strong 1, magic shield
a: no special abilities


You were on level 6 of the Dungeon.
You were not hungry.

You visited 1 branch of the dungeon, and saw 6 of its levels.

You collected 269 gold pieces.

Inventory:

Hand Weapons
 a - a +0 rapier (weapon)
Missiles
 r - a throwing net {=f}
Armour
 b - a +0 scale mail (worn)
 c - a +0 medium shield (worn)
 f - the scarf of the Monk {stasis, rN+}
   (You found it on level 4 of the Dungeon)

   It protects you from negative energy.
 t - a +2 hat (worn)
Jewellery
 q - an uncursed amulet of regeneration
 u - a ring of insulation (left hand)
 v - an uncursed amulet of faith
 w - an amulet of the acrobat (around neck)
Scrolls
 i - 2 scrolls of identify
 j - 6 scrolls of enchant armour
 m - a scroll of remove curse
Potions
 d - a potion of might
 g - a potion of haste
 h - 3 potions of mutation
 k - a potion of heal wounds
 l - a potion of curing
 o - a potion of brilliance {unknown}
 s - a potion of resistance {unknown}
 x - a potion of agility {unknown}
Comestibles
 e - 4 rations {!d}


   Skills:
 - Level 3.0 Fighting
 - Level 3.5 Short Blades
 - Level 4.0 Armour
 + Level 3.5 Dodging
 - Level 2.0 Stealth
 + Level 4.5 Shields
 + Level 3.0 Transmutations


You had 4 spell levels left.
You knew the following spells:

 Your Spells              Type           Power        Failure   Level  Hunger
a - Sticks to Snakes      Tmut           #.......     99%         2    ####...

Your spell library contained the following spells:

 Spells                   Type           Power        Failure   Level  Hunger
 Beastly Appendage        Tmut           #.....       98%         1    None
 Passwall                 Tmut/Erth      #.......     100%        2    ####...
 Spider Form              Tmut/Pois      #..          100%        3    #####..
 Ice Form                 Ice/Tmut       #.......     100%        4    ######.
 Blade Hands              Tmut           #.........   100%        5    #######


Dungeon Overview and Level Annotations

Branches:
Dungeon (6/12)
 Temple: D:4-7

Altars:
Kikubaaqudgha
Vehumet

Annotations:
D:4 3 runed translucent doors, klichko's ghost, novice TrMA


Innate Abilities, Weirdness & Mutations

You have a pair of small antennae on your head.
You are partially covered in slimy green scales. (AC +2)
You regenerate health from kills.
When hurt, damage is shared between your health and your magic reserves.
You are somewhat resistant to further mutation.
Your muscles are strong. (Str +2)


Message History

a +0 dagger; a stone You hit the scorpion.
The scorpion is lightly wounded.
You feel sick.
You block the bullfrog skeleton's attack.
You block the scorpion's attack. The kobold brigand barely misses you.
You hit the kobold.
The kobold is moderately wounded.
You feel sick. The bullfrog skeleton hits you.
* * * LOW HITPOINT WARNING * * *
The kobold hits you.
* * * LOW HITPOINT WARNING * * *
You block the scorpion's attack. The bullfrog skeleton hits you.
* * * LOW HITPOINT WARNING * * *
The kobold brigand hits you but does no damage.
* * * LOW HITPOINT WARNING * * *
You feel sick.
* * * LOW HITPOINT WARNING * * *
You feel sick.
You die...

#........ .
#........ ..###
###........
....... #.......#
........ #.......#
........##.......#
.....)...#.)...(.#
.#.........(..K..#
.###.###.#.))ZK.@#
.s# #.....s...#
..# ##........#
..# #.......>#


oK# ##.....#># .K# ####..#.# .K# #..#.# #.K... ##.#.# #K..... .. You could see a
kobold brigand, a scorpion, a kobold and a bullfrog skeleton.

Vanquished Creatures
  2 ogres (D:4)
  A necrophage (D:6)
  3 orc priests (D:4)
  5 crimson imps
  An orc wizard (D:4)
  4 worker ants
  4 adders
  A shadow imp (D:5)
  4 worms
  An adder skeleton (D:6)
  3 dart slugs
  2 leopard geckos
  15 orcs
  8 giant cockroaches
  7 goblins
  12 hobgoblins
  3 jackals (D:3)
  11 kobolds
  5 quokkas
  3 ball pythons
  3 bats
  3 frilled lizards
  4 rats
105 creatures vanquished.

Notes
Turn   | Place    | Note
-------+----------+-------------------------------------------
     0 | D:1      | Corvidia the Demonspawn Fighter began the quest for the
                  | Orb.
     0 | D:1      | Reached XP level 1. HP: 18/18 MP: 1/1
   137 | D:1      | Gained mutation: You regenerate a little health from kills.
                  | [demonic ancestry]
   137 | D:1      | Reached XP level 2. HP: 23/24 MP: 2/2
   643 | D:2      | Reached skill level 1 in Stealth
   643 | D:2      | Reached XP level 3. HP: 28/29 MP: 3/3
   713 | D:2      | Reached skill level 1 in Dodging
  1559 | D:3      | Gained mutation: You have a pair of small antennae on your
                  | head. [demonic ancestry]
  1559 | D:3      | Reached XP level 4. HP: 26/35 MP: 4/4
  1943 | D:3      | Learned a level 2 spell: Sticks to Snakes
  2114 | D:3      | Gained mutation: When hurt, damage is shared between your
                  | health and your magic reserves. [demonic ancestry]
  2114 | D:3      | Reached XP level 5. HP: 37/41 MP: 5/5
  2664 | D:4      | Noticed an ogre
  2668 | D:4      | Gained mutation: You are somewhat resistant to further
                  | mutation. [potion of mutation]
  2668 | D:4      | Gained mutation: Your muscles are strong. (Str +2) [potion
                  | of mutation]
  2675 | D:4      | Killed an ogre
  2676 | D:4      | Reached skill level 1 in Transmutations
  2676 | D:4      | Gained mutation: You regenerate health from kills. [demonic
                  | ancestry]
  2676 | D:4      | Reached XP level 6. HP: 41/47 MP: 6/6
  2952 | D:4      | Got a buzzing scarf
  2958 | D:4      | Identified the scarf of the Monk {stasis, rN+} (You found
                  | it on level 4 of the Dungeon)
  3105 | D:4      | Found a runed translucent gate.
  3105 | D:4      | Found a runed translucent gate.
  3107 | D:4      | Found a runed translucent gate.
  3129 | D:4      | Noticed klichko's ghost (novice TrMA)
  3480 | D:4      | Gained mutation: You are partially covered in slimy green
                  | scales. (AC +2) [demonic ancestry]
  3480 | D:4      | Reached XP level 7. HP: 19/52 MP: 1/7
  4215 | D:5      | Entered Level 5 of the Dungeon
  4313 | D:5      | HP: 2/52 [scorpion (4)]
  4329 | D:6      | Found a radiant altar of Vehumet.
  4350 | D:6      | Found an ancient bone altar of Kikubaaqudgha.
  4487 | D:6      | HP: 2/51 [poisoned by a scorpion]
  4490 | D:6      | Succumbed to a scorpion's poison

Skill      XL: |  1  2  3  4  5  6  7 |
---------------+----------------------+-----
Short Blades   | 2 3 |  3.5
Armour         | 3 4 |  4.0
Stealth        | 1 2 |  2.0
Shields        | 3 4 |  4.5
Dodging        | 1 2 3 |  3.5
Transmutations | 1 2 3 |  3.0
Fighting       | |  3.0

Action                   |  1- 3 |  4- 6 |  7- 9 || total
-------------------------+-------+-------+-------++-------
Melee: Rapier            |   137 |   363 |   222 ||   722
  Use: Scroll            |     5 |     3 |     5 ||    13
       Potion            |       |     4 |     3 ||     7
  Eat: Chunk             |     6 |    14 |     8 ||    28
       Ration            |       |     1 |     1 ||     2
Armor: Scale mail        |    67 |   160 |   189 ||   416
       Ring mail         |     1 |       |       ||     1
       Skin              |       |    22 |       ||    22
Dodge: Dodged            |    26 |    87 |   103 ||   216
Block: Medium shield     |    51 |   165 |   152 ||   368
